AoeStats
← RAFAOalexandre

Nomad

510701861Analyzed
2v2 RM · 1d ago on Oct 2, 2026· 66m 20s· 4 players
Game mode
Random Map
Map size
176×176
Population
200
Speed
Normal
Resources
Standard
Victory
Conquest
Starting age
Dark Age
Ending age
Imperial Age
RankedLock teamsTeams togetherTeam positionsShared explorationLock speedFull tech treeHidden civsTurbo modeCheats
Victory
Defeat
🇨🇱 Huns · Chile
836
+14
🇧🇷 Franks · Brazil
816
+15
🇦🇷 Byzantines · Argentina
805
-26
🇪🇸 Burgundians · Spain
780
-14
gerardosaa32
9:22 Loom
17:38 Feudal Age
19:26 Wheelbarrow
18:38 Double-Bit Axe
18:35 Horse Collar
26:57 Castle Age
25:47 Stone Mining
26:16 Fishing Lines
29:19 Husbandry
30:13 Heavy Plow
32:39 Gold Mining
37:03 Pikeman
44:45 Fletching
50:32 Imperial Age
50:05 Scale Barding Armor
51:41 Conscription
53:31 Forging
59:24 Iron Casting
59:09 Chain Barding Armor
58:53 Squires
59:16 Hand Cart
59:27 Ballistics
59:10 Light Cavalry
62:15 Chemistry
64:21 Crop Rotation
serto4713
12:54 Loom
15:17 Feudal Age
15:23 Wheelbarrow
14:38 Double-Bit Axe
15:47 Town Watch
22:03 Castle Age
20:26 Bow Saw
21:58 Forging
22:32 Scale Barding Armor
23:15 Cavalier
23:56 Husbandry
24:17 Horse Collar
26:50 Heavy Plow
28:16 Chain Barding Armor
29:00 Crop Rotation
30:32 Iron Casting
60:04 Imperial Age
60:11 Burgundian Vineyards
62:51 Blast Furnace
61:44 Fletching
65:32 Murder Holes
66:38 Chemistry
HenryDxebec
17:10 Feudal Age
17:38 Man-at-Arms
18:03 Fishing Lines
18:31 Double-Bit Axe
21:19 Stone Mining
22:27 Gold Mining
25:21 Wheelbarrow
27:05 Castle Age
24:51 Horse Collar
26:37 Bloodlines
26:16 Arson
29:21 Bow Saw
29:14 Heavy Plow
29:08 Gillnets
29:32 Medium Warships
30:02 Forging
30:18 Hand Cart
31:25 Thumb Ring
32:20 Pikeman
33:01 Squires
37:25 Iron Casting
37:29 Scale Mail Armor
43:21 Chain Mail Armor
46:30 Ballistics
46:56 Elite Skirmisher
48:18 Marauders
48:34 Scale Barding Armor
52:21 Husbandry
52:45 Chain Barding Armor
52:16 Fletching
55:51 Imperial Age
56:33 Masonry
57:33 Chemistry
59:51 Plate Barding Armor
60:16 Blast Furnace
60:01 Padded Archer Armor
62:30 Elite Tarkan
63:31 Conscription
63:32 Atheism
64:59 Gold Shaft Mining
65:01 Leather Archer Armor
64:42 Bodkin Arrow
RAFAOalexandre
15:08 Feudal Age
15:13 Loom
20:06 Wheelbarrow
22:25 Castle Age
21:46 Double-Bit Axe
23:35 Husbandry
23:55 Stone Mining
23:56 Gold Mining
28:57 Forging
33:54 Iron Casting
35:40 Scale Barding Armor
35:36 Pikeman
41:03 Padded Archer Armor
41:07 Scale Mail Armor
41:57 Hand Cart
45:19 Chain Mail Armor
45:04 Fletching
47:00 Town Watch
49:32 Chain Barding Armor
51:05 Squires
53:23 Bow Saw
57:01 Imperial Age
56:39 Arson
59:43 Conscription
62:20 Blast Furnace
63:17 Plate Mail Armor
63:37 Gold Shaft Mining
64:03 Gambesons
65:59 Halberdier
Connection lost

Rejoining the realm…

Still unreachable

The connection could not be restored.

Session expired

The server has moved on; the page needs a fresh start.